 Dungeon Crawl Stone Soup version 0.30-b1-2-g02819fbbbe (webtiles) character file.

Game seed: 11178064603900040398

290177 Fartwhistle the Marksgnoll (level 21, -2/168 HPs)
             Began as a Gnoll Hunter on Sept 12, 2023.
             Was the Champion of the Shining One.
             Slain by a shock serpent (11 damage)
             ... on level 3 of the Snake Pit.
             The game lasted 02:25:42 (39476 turns).

Fartwhistle the Marksgnoll (Gnoll Hunter)          Turns: 39476, Time: 02:25:43

Health: -2/168     AC: 41    Str: 19    XL:     21   Next: 13%
Magic:  39/39      EV: 15    Int: 17    God:    the Shining One [******]
Gold:   3226       SH:  9    Dex: 23    Spells: 22/49 levels left

rFire   + . .        w - +7 hand crossbow (freeze)
rCold   + + .        Y - +0 buckler {rPois}
rNeg    + + +        Q - +11 plate armour "Qacuha" {Will+ Str+3}
rPois   +            K - +1 hat {Int+3}
rElec   .            a - scarf {rC+ rF+}
rCorr   .            N - +1 pair of gloves {Dex+3}
SInv    .            G - +5 pair of boots "Belunun" {Str+4}
Will    ++...        j - amulet of regeneration
Stlth   +            u - +4 ring of protection
HPRegen 1.28/turn    V - ring of wizardry
MPRegen 0.26/turn

%: wizardry (x1)
@: glowing
A: fangs 1, strong nose, distributed training, hooves 1, horns 1, cold
resistance 1, MP-powered wands
}: 1/15 runes: decaying
a: Renounce Religion, Divine Shield, Cleansing Flame, Summon Divine Warrior,
Brand Weapon With Holy Wrath


You were on level 3 of the Snake Pit.
You worshipped the Shining One.
The Shining One was exalted by your worship.
You visited 6 branches of the dungeon, and saw 32 of its levels.
You visited the Abyss 4 times.
You also visited: Bailey and Ice Cave.

You collected 5372 gold pieces.
You spent 2146 gold pieces at shops.

Inventory:

Hand Weapons
 e - the +12 glaive of Prune {freeze, Prune}
   (You found it on level 14 of the Dungeon)

   Prune:     It halves damage taken while paralysed, petrified or unconscious.
 w - a +7 hand crossbow of freezing (weapon)
 M - the +1 glaive of Letih {heavy, rC+ Str+4 Int+3}
   (You found it in a bailey)

   Str:       It affects your strength (+4).
   Int:       It affects your intelligence (+3).
   rC:        It protects you from cold.
 U - the +6 broad axe "Uckag" {venom, rC- Str+6}
   (You found it on level 4 of the Swamp)

   Str:       It affects your strength (+6).
   rC:        It makes you vulnerable to cold.
Armour
 a - a scarf of resistance (worn)
 v - the +4 moon troll leather armour {Spirit, Regen++ MP+5}
   (You bought it in a shop on level 9 of the Dungeon)

   MP:        It affects your magic capacity (+5).
   Regen:     It increases your rate of health regeneration.
 G - the +5 pair of boots "Belunun" (worn) {Str+4}
   (You found it on level 3 of the Elven Halls)

   Str:       It affects your strength (+4).
 K - a +1 hat of intelligence (worn)
 N - a +1 pair of gloves of dexterity (worn)
 Q - the +11 plate armour "Qacuha" (worn) {Will+ Str+3}
   (You found it on level 5 of the Lair of Beasts)

   Str:       It affects your strength (+3).
   Will:      It increases your willpower.
 Y - a +0 buckler of poison resistance (worn)
Jewellery
 j - an amulet of regeneration (around neck)
 l - the ring "Taynyw" {rCorr SInv}
   (You found it on level 5 of the Dungeon)

   [ring of resist corrosion]

   SInv:      It lets you see invisible.
   rCorr:     It protects you from acid and corrosion.
 u - a +4 ring of protection (left hand)
 T - the ring "Zauseus" {rF+ rC+}
   (You took it off an orc on level 3 of the Elven Halls)

   [ring of protection from fire]

   rF:        It protects you from fire.
   rC:        It protects you from cold.
 V - a ring of wizardry (right hand)
 W - a +4 ring of protection
Wands
 c - a wand of light (15)
 m - a wand of digging (1)
 A - a wand of mindburst (40)
 O - a wand of roots (21)
 Z - a wand of paralysis (31)
Scrolls
 b - 6 scrolls of immolation
 h - 8 scrolls of magic mapping
 i - 2 scrolls of silence
 n - 8 scrolls of fog
 q - 6 scrolls of teleportation
 s - 3 scrolls of butterflies
 x - 4 scrolls of amnesia
 y - 4 scrolls of vulnerability
 B - 7 scrolls of fear
 C - 7 scrolls of enchant armour
 E - 3 scrolls of poison
 P - 5 scrolls of identify
 S - 4 scrolls of torment
 X - 5 scrolls of blinking
Potions
 d - a potion of ambrosia
 f - 9 potions of might
 g - 11 potions of attraction
 k - 4 potions of haste
 o - 6 potions of heal wounds
 t - 5 potions of brilliance
 z - 8 potions of mutation
 D - 18 potions of curing
 H - 5 potions of lignification
 I - 2 potions of berserk rage
 J - 2 potions of magic
 L - 8 potions of flight
 R - 2 potions of resistance
Miscellaneous
 p - a lightning rod (4/4)
 F - a tin of tremorstones (2/2)


   Skills:
 + Level 15.3 Fighting
 + Level 14.6 Short Blades
 + Level 14.6 Long Blades
 + Level 14.6 Axes
 + Level 14.6 Maces & Flails
 + Level 14.6 Polearms
 + Level 14.6 Staves
 + Level 16.7 Ranged Weapons
 + Level 14.6 Throwing
 + Level 14.6 Armour
 + Level 15.3 Dodging
 + Level 14.8 Stealth
 + Level 14.6 Shields
 + Level 14.6 Unarmed Combat
 + Level 14.6 Spellcasting
 + Level 12.4 Conjurations
 + Level 12.4 Hexes
 + Level 12.4 Summonings
 + Level 12.4 Necromancy
 + Level 12.4 Translocations
 + Level 12.4 Transmutations
 + Level 12.4 Fire Magic
 + Level 12.4 Ice Magic
 + Level 12.4 Air Magic
 + Level 12.4 Earth Magic
 + Level 12.4 Poison Magic
 + Level 15.9 Invocations
 + Level 14.6 Evocations


You had 22 spell levels left.
You knew the following spells:

 Your Spells              Type           Power      Damage    Failure   Level
a - Olgreb's Toxic Radia  Pois           53%        N/A       1%          4
b - Tukima's Dance        Hex            53%        N/A       1%          3
c - Ozocubu's Armour      Ice            53%        N/A       1%          3
d - Starburst             Conj/Fire      26%        6d8       28%         6
e - Summon Forest         Summ/Tloc      26%        N/A       5%          5
f - Eringya's Noxious Bo  Tmut/Pois      26%        N/A       28%         6

Your spell library contained the following spells:

 Spells                   Type           Power      Damage    Failure   Level
 Apportation              Tloc           100%       N/A       1%          1
 Beastly Appendage        Tmut           100%       N/A       1%          1
 Foxfire                  Conj/Fire      100%       2x1d9     1%          1
 Magic Dart               Conj           100%       1d8       1%          1
 Necrotise                Necr           100%       1d9       1%          1
 Sandblast                Erth           100%       2d20      1%          1
 Summon Small Mammal      Summ           100%       N/A       1%          1
 Blink                    Tloc           100%       N/A       1%          2
 Ensorcelled Hibernation  Hex/Ice        100%       N/A       1%          2
 Lesser Beckoning         Tloc           100%       N/A       1%          2
 Momentum Strike          Conj/Tloc      100%       3d10      1%          2
 Passwall                 Tmut/Erth      44%        N/A       1%          2
 Searing Ray              Conj           100%       2d8       1%          2
 Sublimation of Blood     Necr           53%        N/A       1%          2
 Wereblood                Tmut           53%        N/A       1%          2
 Dazzling Flash           Conj/Hex       100%       N/A       1%          3
 Gell's Gravitas          Tloc           53%        N/A       1%          3
 Ignite Poison            Fire/Tmut/Pois 53%        N/A       1%          3
 Inner Flame              Hex/Fire       53%        N/A       1%          3
 Portal Projectile        Hex/Tloc       100%       N/A       1%          3
 Spider Form              Tmut/Pois      53%        N/A       1%          3
 Stone Arrow              Conj/Erth      100%       3d13      1%          3
 Swiftness                Air            53%        N/A       1%          3
 Volatile Blastmotes      Fire/Tloc      100%       2d18      1%          3
 Anguish                  Hex/Necr       26%        N/A       1%          4
 Flame Wave               Conj/Fire      53%        2d13      1%          4
 Fulminant Prism          Conj/Hex       26%        3d14      1%          4
 Iskenderun's Mystic Bla  Conj/Tloc      53%        2d11      1%          4
 Sticky Flame             Conj/Fire      53%        2d7       1%          4
 Summon Lightning Spire   Summ/Air       53%        N/A       1%          4
 Blade Hands              Tmut           26%        N/A       5%          5
 Lee's Rapid Deconstruct  Erth           26%        3d14*     5%          5
 Plasma Beam              Fire/Air       26%        2x1d42    28%         6
 Enfeeble                 Hex            26%        N/A       82%         7
 Ozocubu's Refrigeration  Ice            26%        4d13      82%         7
 Storm Form               Tmut/Air       26%        N/A       82%         7
 Summon Hydra             Summ           26%        N/A       82%         7
 Disjunction              Tloc           26%        N/A       100%        8
 Maxwell's Capacitive Co  Air            26%        ∞         100%        8
 Polar Vortex             Ice            26%        N/A       100%        9


Dungeon Overview and Level Annotations

Branches:
Dungeon (15/15)            Temple (0/1) D:7            Lair (5/5) D:8
  Swamp (4/4) Lair:2        Snake (3/4) Lair:3        Slime (0/5) Lair:5
    Orc (2/2) D:9             Elf (3/3) Orc:2        Vaults (0/5) D:14
 Depths (0/4) D:15         Bailey (visited)           IceCv (visited)

Altars:
Cheibriados
Elyvilon
Gozag
Hepliaklqana
Kikubaaqudgha
Makhleb
Qazlal
Ru
Uskayaw
Vehumet
Yredelemnul
The Shining One

Shops:
D:1 [   D:3 :   D:4 :   D:7 *   D:9 [   D:12 [   D:13 :   Orc:2 !!(=   Elf:1 !
Elf:2 (?[   Elf:3 !   Snake:1 =

Annotations:
D:8 1 transporter, exclusion: 2 downstairs
Lair:1 exclusion: downstairs
Lair:4 exclusion: downstairs
Snake:2 1 runed translucent door, Kicir's ghost, adept GnFi


Innate Abilities, Weirdness & Mutations

You have very sharp teeth.
Your uncanny sense of smell can sniff out nearby items.
Your experience applies equally to all skills.
You have large cloven feet.
You have a pair of small horns on your head.
Your flesh is cold resistant. (rC+)
You expend magic power (3 MP) to strengthen your wands.


Message History

The black mamba is no longer moving slowly.
The shock serpent shoots out a bolt of lightning at you!
The bolt of electricity hits you. The bolt of electricity hits you!
The bolt of electricity hits the shock serpent.
The shock serpent completely resists.
The black mamba completely misses you.
The shock serpent bites you but does no damage.
The black mamba barely misses you.
Unknown command.
Fire: w) +7 hand crossbow (freeze)
Press: ? - help, Q - select action, (/) - cycle Shift-Dir - straight line, f/p - shock serpent
Aim: a shock serpent (heavily wounded, haloed, 78% to hit)
You shoot a bolt.
The bolt hits the shock serpent but does no damage.
The shock serpent is heavily wounded.
You block the shock serpent's attack. The black mamba barely misses you.
The shock serpent shoots out a bolt of lightning at you!
The bolt of electricity hits you. The bolt of electricity hits you!
* * * LOW HITPOINT WARNING * * *
The bolt of electricity hits the shock serpent.
The shock serpent completely resists.
The black mamba closely misses you.
Fire: w) +7 hand crossbow (freeze)
Press: ? - help, Q - select action, (/) - cycle Shift-Dir - straight line, f/p - shock serpent
Aim: a shock serpent (moderately wounded, haloed, 78% to hit)
You shoot a bolt.
The bolt closely misses the shock serpent.
The black mamba bites you!
* * * LOW HITPOINT WARNING * * *
The shock serpent shoots out a bolt of lightning at you!
The bolt of electricity hits you!
* * * LOW HITPOINT WARNING * * *
The bolt of electricity hits you!
* * * LOW HITPOINT WARNING * * *
The bolt of electricity hits the shock serpent.
The shock serpent completely resists.
You block the black mamba's attack. You block the shock serpent's attack.
The black mamba bites you.
* * * LOW HITPOINT WARNING * * *
The shock serpent bites you.
* * * LOW HITPOINT WARNING * * *
The shock serpent shocks you!
You die...

..# ### .... .# ... .#
# #..###.#### .#
#.........# ##### #.#
##.........#
....##..#.##.........#
###.)...... ∆#.SS†...#
..))....#.# ##@..#
###..####.#####....#
#.).....#..##.....##
..#####.##......#....#
).#####.#†.#..#.#....#
...........#.##.#....#
##..###..#...##.#....#
##.....))...........#
#######).†.##.#....#


You could see a shock serpent and a black mamba.

Vanquished Creatures
  Nikola (Snake:2)
  A tentacled monstrosity (Swamp:4)
  A deep elf blademaster (Elf:3)
  3 deep elf master archers (Elf:3)
  3 tentacled starspawn (Abyss:3)
  Gastronok (Lair:2)
  2 Executioners
  Frances (Snake:2)
  7 deep elf sorcerers (Elf:3)
  A deep elf elementalist (Elf:3)
  A cacodemon (Abyss:3)
  A reaper (IceCv)
  4 eleionomae
  An ophan (Abyss:3)
  A very ugly thing (Abyss:2)
  3 deep elf demonologists (Elf:3)
  12 deep elf annihilators
  10 deep elf high priests (Elf:3)
  6 deep elf death magi
  A great orb of eyes (Abyss:3)
  A rakshasa (Abyss:3)
  A servant of whispers (Elf:1)
  13 hydras
  Erolcha (Orc:2)
  A vault guard (D:14)
  A salamander tyrant (Snake:2)
  2 ogre magi (Orc:2)
  2 catoblepae
  A merfolk avatar (Lair:5)
  4 ghost crabs
  8 centaur warriors
  5 anacondas
  32 dancing weapons
  A two-headed ogre (shapeshifter) (D:15)
  3 boulder beetles
  13 alligators
  A death knight (D:14)
  4 naga warriors
  5 two-headed ogres
  7 thrashing horrors
  2 orc high priests
  4 shock serpents
  5 naga sharpshooters
  Sonja (Lair:4)
  23 deep elf knights
  3 salamander mystics
  3 wretched stars
  A death drake (Swamp:2)
  3 skeletal warriors (D:14)
  3 sixfirhies (Abyss:3)
  5 skysharks
  A goliath frog (Swamp:1)
  A shadow wraith (Abyss:2)
  3 spriggan druids
  A glowing orange brain (Abyss:3)
  4 naga ritualists
  15 deep elf archers
  A lindwurm (Lair:3)
  9 swamp dragons
  41 deep elf pyromancers
  13 large abominations
  2 wizards (D:14)
  3 harpies
  4 bog bodies
  3 orc knights
  42 deep elf zephyrmancers
  34 ugly things
  6 mana vipers
  A wolf spider (D:15)
  A cyclops (shapeshifter) (D:15)
  9 orc sorcerers
  3 oklob plants (Lair:5)
  8 salamanders
  2 worldbinders
  7 elephants
  3 will-o-the-wisps
  A manticore (shapeshifter) (D:13)
  Joseph (D:7)
  5 cyclopes
  2 ice statues (IceCv)
  32 black mambas
  10 naga magi
  3 gargoyles
  3 orange demons (Abyss:3)
  3 unseen horrors
  4 smoke demons
  A demonic crawler (Abyss:3)
  A guardian serpent (Lair:3)
  6 cane toads
  A torpor snail (Lair:5)
  Maggie (D:7)
  3 efreet
  A kobold demonologist (D:14)
  A hellion (Abyss:3)
  4 freezing wraiths
  3 rime drakes
  2 tengu conjurers (D:13)
  8 ice devils
  13 komodo dragons
  An anaconda simulacrum (IceCv)
  4 ancient zymes
  12 starcursed masses
  3 polar bears
  2 trolls (D:14)
  2 bloated husks
  A wind drake (shapeshifter) (D:14)
  A merfolk (shapeshifter) (Elf:2)
  A wind drake (Lair:5)
  2 saltlings (Elf:1)
  3 hornets
  A raiju (shapeshifter) (Elf:2)
  3 tyrant leeches
  10 raiju
  30 blink frogs
  7 dream sheep
  A jumping spider (shapeshifter) (Elf:3)
  A flying skull (Abyss:3)
  6 slime creatures
  A harpy skeleton (Abyss:3)
  2 dire elephant simulacra (IceCv)
  Sigmund (D:5)
  A black mamba skeleton (Abyss:2)
  87 yaks
  A ynoxinul (Abyss:3)
  6 spriggans
  3 water elementals
  3 shadows
  3 wraiths
  3 wyverns
  2 fire elementals (Elf:1)
  7 hogs
  5 humans
  3 chaos spawn
  A steam dragon (Lair:5)
  4 basilisks
  4 neqoxecs (Abyss:3)
  2 harpy simulacra (IceCv)
  18 swamp worms
  10 vampire mosquitoes
  Edmund (D:4)
  14 nagas
  An acid dragon (D:12)
  4 wargs (Orc:2)
  5 hydra simulacra (IceCv)
  Duvessa (D:7)
  26 water moccasins
  9 swamp drakes
  A meliai simulacrum (D:13)
  4 ice beasts
  2 sky beasts
  28 orc warriors
  5 ogres
  3 boggarts
  49 wolves
  4 black bears
  17 centaurs
  3 phantoms
  Blork the orc (D:6)
  9 small abominations
  15 bullfrogs
  7 scorpions
  5 earth elementals
  12 wights
  Dowan (D:7)
  An elephant simulacrum (IceCv)
  23 killer bees
  3 electric eels
  8 howler monkeys
  5 jellies
  2 gnoll boudas (D:6)
  3 hounds
  12 orc priests
  An iron imp (Abyss:2)
  Jessica (D:3)
  4 iguanas
  2 sleepcaps (D:6)
  Ijyb (D:5)
  Terence (D:2)
  37 orc wizards
  2 spriggan simulacra
  Robin (D:4)
  7 gnolls
  10 adders
  2 shadow imps
  5 white imps
  2 ufetubi
  A dart slug (D:3)
  99 orcs
  4 endoplasms
  2 giant cockroaches
  16 goblins
  14 hobgoblins
  3 jackals (D:4)
  19 kobolds
  6 quokkas
  4 ball pythons
  7 bats
  8 frilled lizards
  5 rats
  5 briar patches (Lair:1)
  6 starspawn tentacles (Abyss:3)
1363 creatures vanquished.

Vanquished Creatures (collateral kills)
  the Lernaean hydra (Swamp:4)
  2 deep elf blademasters
  A tentacled starspawn (Abyss:3)
  Agnes (Elf:1)
  Kirke (Lair:5)
  2 nagarajas
  2 deep elf sorcerers (Elf:3)
  Louise (Snake:1)
  A deep elf elementalist (Elf:3)
  A broodmother (shapeshifter) (Elf:3)
  The ghost of Egamohah the Nimble, a journeyman DsHu of Okawaru (Lair:5)
  An eleionoma (Swamp:2)
  A deep elf demonologist (Elf:3)
  2 deep elf annihilators (Elf:3)
  A deep elf high priest (Elf:3)
  A ghost crab (Swamp:4)
  3 hydras
  An anaconda (Snake:1)
  3 naga warriors
  4 dancing weapons (Elf:2)
  Urug (D:12)
  A deep elf knight (Elf:2)
  A death drake (Swamp:2)
  A naga ritualist (Snake:2)
  2 swamp dragons (Swamp:4)
  4 mana vipers
  A worldbinder (Abyss:3)
  4 black mambas
  2 hornets (Swamp:1)
  A raiju (Abyss:3)
  An air elemental (Elf:3)
  A neqoxec (Abyss:3)
  3 nagas (Snake:1)
  2 swamp drakes (Swamp:4)
  A small abomination (Abyss:3)
  3 briar patches (Swamp:4)
  A starspawn tentacle (Abyss:3)
61 creatures vanquished.

Vanquished Creatures (others)
  A thorn hunter (Swamp:4)
  2 deep elf zephyrmancers
  A bloated husk (Swamp:1)
  A swamp drake (Swamp:4)
  An electric eel (Elf:3)
  An orc wizard (Orc:1)
  4 briar patches
  14 foxfires
  41 fungi
  108 plants
  6 snaplasher vines
  10 starspawn tentacles
  3 toadstools (D:5)
193 creatures vanquished.

Grand Total: 1617 creatures vanquished

Notes
Turn   | Place    | Note
-------+----------+-------------------------------------------
     0 | D:1      | Fartwhistle the Gnoll Hunter began the quest for the Orb.
     0 | D:1      | Reached XP level 1. HP: 20/20 MP: 1/1
   308 | D:1      | Found a faded altar of an unknown god.
   312 | D:1      | Reached XP level 2. HP: 26/26 MP: 2/2
   321 | D:1      | Found Wahurega's Armour Boutique.
  1111 | D:2      | Reached XP level 3. HP: 29/31 MP: 2/4
  1145 | D:2      | Reached skill level 1 in Invocations
  1195 | D:2      | Noticed Terence
  1202 | D:2      | Killed Terence
  1203 | D:2      | Reached skill level 1 in Short Blades
  1203 | D:2      | Reached skill level 1 in Long Blades
  1203 | D:2      | Reached skill level 1 in Axes
  1203 | D:2      | Reached skill level 1 in Maces & Flails
  1203 | D:2      | Reached skill level 1 in Polearms
  1203 | D:2      | Reached skill level 1 in Staves
  1203 | D:2      | Reached skill level 1 in Throwing
  1203 | D:2      | Reached skill level 1 in Armour
  1203 | D:2      | Reached skill level 1 in Shields
  1203 | D:2      | Reached skill level 1 in Unarmed Combat
  1203 | D:2      | Reached skill level 1 in Spellcasting
  1203 | D:2      | Reached skill level 1 in Evocations
  1203 | D:2      | Reached XP level 4. HP: 38/38 MP: 5/5
  1483 | D:3      | Reached skill level 1 in Conjurations
  1483 | D:3      | Reached skill level 1 in Hexes
  1483 | D:3      | Reached skill level 1 in Summonings
  1483 | D:3      | Reached skill level 1 in Necromancy
  1483 | D:3      | Reached skill level 1 in Translocations
  1483 | D:3      | Reached skill level 1 in Transmutations
  1483 | D:3      | Reached skill level 1 in Fire Magic
  1483 | D:3      | Reached skill level 1 in Ice Magic
  1483 | D:3      | Reached skill level 1 in Air Magic
  1483 | D:3      | Reached skill level 1 in Earth Magic
  1483 | D:3      | Reached skill level 1 in Poison Magic
  1541 | D:3      | Found a glowing golden altar of the Shining One.
  1563 | D:3      | Became a worshipper of the Shining One
  1700 | D:3      | Noticed Jessica
  1706 | D:3      | Killed Jessica
  1707 | D:3      | Reached XP level 5. HP: 43/43 MP: 7/7
  1799 | D:3      | You fall into a shaft and drop 1 floor!
  1832 | D:4      | Noticed Edmund
  2185 | D:3      | Reached XP level 6. HP: 31/50 MP: 8/8
  2312 | D:4      | Found Epseb's Book Shoppe.
  2361 | D:4      | Reached skill level 5 in Fighting
  2361 | D:4      | Reached skill level 5 in Dodging
  2362 | D:4      | Noticed Robin
  2459 | D:4      | Killed Robin
  2579 | D:4      | Reached XP level 7. HP: 56/56 MP: 10/10
  2598 | D:4      | Killed Edmund
  2711 | D:4      | Reached skill level 9 in Ranged Weapons
  3002 | D:5      | Entered Level 5 of the Dungeon
  3043 | D:5      | Reached * piety under the Shining One
  3057 | D:5      | Noticed Ijyb
  3066 | D:5      | Killed Ijyb
  3165 | D:5      | Reached XP level 8. HP: 56/63 MP: 12/12
  3495 | D:5      | Identified the ring "Taynyw" {rCorr SInv}
  3523 | D:5      | Got the Lessons on Foul Chilblains
  3801 | D:5      | Noticed Sigmund
  3805 | D:5      | Killed Sigmund
  4144 | D:6      | Reached XP level 9. HP: 66/69 MP: 14/14
  4181 | D:6      | Noticed Blork the orc
  4186 | D:6      | Killed Blork the orc
  4390 | D:6      | Reached skill level 5 in Stealth
  4441 | D:6      | Reached ** piety under the Shining One
  4555 | D:6      | Reached skill level 5 in Invocations
  5002 | D:7      | Found Cridic's Commerce Corner.
  5052 | D:7      | Reached skill level 5 in Short Blades
  5052 | D:7      | Reached skill level 5 in Long Blades
  5052 | D:7      | Reached skill level 5 in Axes
  5052 | D:7      | Reached skill level 5 in Maces & Flails
  5052 | D:7      | Reached skill level 5 in Polearms
  5052 | D:7      | Reached skill level 5 in Staves
  5052 | D:7      | Reached skill level 5 in Throwing
  5052 | D:7      | Reached skill level 5 in Armour
  5052 | D:7      | Reached skill level 5 in Shields
  5052 | D:7      | Reached skill level 5 in Unarmed Combat
  5052 | D:7      | Reached skill level 5 in Spellcasting
  5052 | D:7      | Reached skill level 5 in Evocations
  5052 | D:7      | Reached XP level 10. HP: 40/77 MP: 17/17
  5068 | D:6      | Reached skill level 10 in Ranged Weapons
  5404 | D:7      | Found a staircase to the Ecumenical Temple.
  5442 | D:7      | Noticed Duvessa
  5442 | D:7      | Noticed Dowan
  5448 | D:7      | Found a burning altar of Makhleb.
  5449 | D:7      | Found a white marble altar of Elyvilon.
  5449 | D:7      | Found a basalt altar of Yredelemnul.
  5450 | D:7      | Found an opulent altar of Gozag.
  5450 | D:7      | Found a hide-covered altar of Uskayaw.
  5452 | D:7      | Found a hazy altar of Hepliaklqana.
  5452 | D:7      | Found a stormy altar of Qazlal.
  5513 | D:7      | Noticed Maggie
  5527 | D:7      | Killed Maggie
  5630 | D:7      | Killed Duvessa
  5637 | D:7      | Killed Dowan
  5730 | D:7      | Found an ancient bone altar of Kikubaaqudgha.
  5730 | D:7      | Noticed Joseph
  5764 | D:7      | Killed Joseph
  6007 | D:8      | Found a transporter.
  6074 | D:8      | Found a transporter.
  6104 | D:8      | Found a flagged portal.
  6135 | Bailey   | Entered a bailey
  6164 | Bailey   | Noticed an orc knight
  6178 | Bailey   | Noticed an orc knight
  6323 | Bailey   | Killed an orc knight
  6346 | Bailey   | Killed an orc knight
  6438 | Bailey   | Identified the +1 glaive of Letih {heavy, rC+ Str+4 Int+3}
  6615 | Bailey   | Got the Information on Green Doom
  6908 | D:7      | Reached skill level 5 in Conjurations
  6908 | D:7      | Reached skill level 5 in Hexes
  6908 | D:7      | Reached skill level 5 in Summonings
  6908 | D:7      | Reached skill level 5 in Necromancy
  6908 | D:7      | Reached skill level 5 in Translocations
  6908 | D:7      | Reached skill level 5 in Transmutations
  6908 | D:7      | Reached skill level 5 in Fire Magic
  6908 | D:7      | Reached skill level 5 in Ice Magic
  6908 | D:7      | Reached skill level 5 in Air Magic
  6908 | D:7      | Reached skill level 5 in Earth Magic
  6908 | D:7      | Reached skill level 5 in Poison Magic
  7034 | D:7      | Learned a level 4 spell: Olgreb's Toxic Radiance
  7040 | D:7      | Reached XP level 11. HP: 80/85 MP: 20/20
  7372 | D:8      | Found a staircase to the Lair.
  7468 | D:8      | Found a snail-covered altar of Cheibriados.
  7759 | D:8      | Reached *** piety under the Shining One
  7966 | D:9      | Found a staircase to the Orcish Mines.
  8005 | D:9      | Noticed a two-headed ogre
  8092 | D:8      | Killed a two-headed ogre
  8699 | D:9      | Found Zihonlost's Armour Emporium.
  8755 | D:9      | Reached **** piety under the Shining One
  9128 | D:9      | Learned a level 3 spell: Tukima's Dance
  9139 | D:10     | Entered Level 10 of the Dungeon
  9662 | D:10     | Reached skill level 11 in Ranged Weapons
  9772 | D:9      | Bought the +4 moon troll leather armour {Spirit, Regen++
                  | MP+5} for 599 gold pieces
  9772 | D:9      | Found the +4 moon troll leather armour {Spirit, Regen++
                  | MP+5}
 10046 | D:11     | Identified the +3 ring mail "Ifou" {rF+ rN+ Stlth+}
 10072 | D:11     | Noticed a two-headed ogre
 10085 | D:11     | Killed a two-headed ogre
 10086 | D:11     | Reached XP level 12. HP: 94/94 MP: 22/22
 10228 | D:11     | Noticed a two-headed ogre
 10237 | D:11     | Killed a two-headed ogre
 10612 | D:12     | Noticed a boulder beetle
 10627 | D:12     | Killed a boulder beetle
 10832 | D:12     | Identified the +3 robe of Jedaun {rC+}
 10834 | D:12     | Noticed Urug
 10982 | Lair:1   | Entered Level 1 of the Lair of Beasts
 11143 | Lair:1   | Found a transporter.
 11183 | Lair:1   | Found a transporter.
 11747 | Lair:1   | Identified the ring "Homeiz" {rN+ Dex+2}
 11753 | Lair:1   | Identified the +1 pair of boots "Astea" {Harm Drain rN+++
                  | Stlth-}
 11859 | Lair:2   | Noticed Gastronok
 11877 | Lair:2   | You are sucked into a shaft and drop 1 floor!
 11998 | Lair:3   | Reached ***** piety under the Shining One
 12002 | Lair:3   | Reached XP level 13. HP: 101/101 MP: 25/25
 12309 | Lair:3   | Found a staircase to the Snake Pit.
 12433 | Lair:3   | Reached skill level 12 in Ranged Weapons
 12945 | Lair:2   | Killed Gastronok
 12946 | Lair:2   | Reached skill level 10 in Fighting
 12946 | Lair:2   | Reached skill level 10 in Dodging
 13338 | Lair:2   | Found a staircase to the Swamp.
 14874 | Lair:4   | Reached XP level 14. HP: 110/110 MP: 27/27
 14905 | Lair:4   | Reached skill level 10 in Invocations
 14942 | Lair:4   | Found a frozen archway.
 14953 | IceCv    | Entered an ice cave
 15362 | IceCv    | Reached ****** piety under the Shining One
 15439 | IceCv    | Noticed a reaper
 15448 | IceCv    | Killed a reaper
 15767 | Lair:4   | Noticed Sonja
 15773 | Lair:4   | Killed Sonja
 16207 | Lair:5   | Entered Level 5 of the Lair of Beasts
 16286 | Lair:4   | Reached skill level 10 in Stealth
 16978 | Lair:5   | Found a staircase to the Slime Pits.
 17111 | Lair:5   | Reached skill level 10 in Short Blades
 17111 | Lair:5   | Reached skill level 10 in Long Blades
 17111 | Lair:5   | Reached skill level 10 in Axes
 17111 | Lair:5   | Reached skill level 10 in Maces & Flails
 17111 | Lair:5   | Reached skill level 10 in Polearms
 17111 | Lair:5   | Reached skill level 10 in Staves
 17111 | Lair:5   | Reached skill level 10 in Throwing
 17111 | Lair:5   | Reached skill level 10 in Armour
 17111 | Lair:5   | Reached skill level 10 in Shields
 17111 | Lair:5   | Reached skill level 10 in Unarmed Combat
 17111 | Lair:5   | Reached skill level 10 in Spellcasting
 17111 | Lair:5   | Reached skill level 10 in Evocations
 17124 | Lair:5   | Learned a level 3 spell: Ozocubu's Armour
 17246 | Lair:5   | Identified the +3 rapier of Slow Death {heavy, +Blink rPois
                  | rC-}
 17246 | Lair:5   | Noticed Kirke
 17359 | Lair:4   | Reached skill level 13 in Ranged Weapons
 17376 | Lair:4   | Reached XP level 15. HP: 45/118 MP: 5/29
 17819 | Lair:5   | Found a runed translucent door.
 17913 | Lair:5   | Identified the +11 plate armour "Qacuha" {Will+ Str+3}
 18219 | Lair:5   | Noticed Egamohah's ghost (journeyman DsHu)
 18360 | Lair:5   | Noticed a sphinx
 18366 | Lair:5   | Killed Kirke
 18380 | Lair:5   | Killed Egamohah's ghost
 18657 | D:12     | Killed Urug
 18706 | D:12     | Found Bulag's Armour Shop.
 19379 | D:13     | Found Qutamal's Self-Improvement Boutique.
 20524 | D:14     | Found the +12 glaive of Prune {freeze, Prune}
 20726 | D:14     | Reached XP level 16. HP: 100/127 MP: 10/30
 20855 | D:14     | Found a sacrificial altar of Ru.
 21381 | D:14     | Found a gate to the Vaults.
 21570 | D:15     | Entered Level 15 of the Dungeon
 22342 | D:15     | Found a hide-covered altar of Uskayaw.
 22634 | D:15     | Found a staircase to the Depths.
 22824 | Orc:1    | Entered Level 1 of the Orcish Mines
 22831 | Orc:1    | Reached skill level 14 in Ranged Weapons
 23135 | Orc:2    | Entered Level 2 of the Orcish Mines
 23135 | Orc:2    | Found a staircase to the Elven Halls.
 23575 | Orc:2    | Gained mutation: You are weak. (Str -2) [a neqoxec]
 23597 | Orc:2    | Paralysed by an orc sorcerer for 2 turns
 23642 | Orc:2    | Found a radiant altar of Vehumet.
 23642 | Orc:2    | Noticed Erolcha
 23646 | Abyss:2  | Cast into level 2 of the Abyss (Erolcha)
 23710 | Abyss:2  | Noticed an Executioner
 23715 | Abyss:2  | Killed an Executioner
 23780 | Abyss:2  | Noticed a tentacled starspawn
 23781 | Abyss:2  | Noticed a bone dragon
 23975 | Abyss:2  | Paralysed by accursed screaming for 1 turns
 24007 | Abyss:2  | Noticed a Hell Sentinel
 24011 | Abyss:2  | Noticed a bone dragon
 24206 | Orc:2    | Escaped the Abyss
 24214 | Orc:2    | Killed Erolcha
 24221 | Orc:2    | Found Ybbohiat's Antique Weapon Shop.
 24237 | Orc:2    | Paralysed by an orc sorcerer for 2 turns
 24260 | Orc:2    | Reached XP level 17. HP: 103/135 MP: 17/32
 24268 | Orc:2    | Paralysed by an orc sorcerer for 5 turns
 24332 | Orc:2    | Found an ancient bone altar of Kikubaaqudgha.
 24359 | Orc:2    | Found Kurph's Distillery.
 24367 | Orc:2    | Bought a potion of curing for 39 gold pieces
 24367 | Orc:2    | Bought a potion of curing for 39 gold pieces
 24367 | Orc:2    | Bought 2 potions of might for 104 gold pieces
 24367 | Orc:2    | Bought a potion of heal wounds for 65 gold pieces
 24669 | Orc:2    | Found Wuruvy's Jewellery Shop.
 24732 | Orc:2    | Found Iphud's Distillery.
 24740 | Orc:2    | Bought 2 potions of heal wounds for 130 gold pieces
 24875 | Elf:1    | Entered Level 1 of the Elven Halls
 24923 | Elf:1    | Reached skill level 10 in Conjurations
 24923 | Elf:1    | Reached skill level 10 in Hexes
 24923 | Elf:1    | Reached skill level 10 in Summonings
 24923 | Elf:1    | Reached skill level 10 in Necromancy
 24923 | Elf:1    | Reached skill level 10 in Translocations
 24923 | Elf:1    | Reached skill level 10 in Transmutations
 24923 | Elf:1    | Reached skill level 10 in Fire Magic
 24923 | Elf:1    | Reached skill level 10 in Ice Magic
 24923 | Elf:1    | Reached skill level 10 in Air Magic
 24923 | Elf:1    | Reached skill level 10 in Earth Magic
 24923 | Elf:1    | Reached skill level 10 in Poison Magic
 25269 | Elf:1    | Found Itel's Distillery.
 25539 | Elf:1    | Got the Notes on the Missiles
 25557 | Elf:1    | Noticed Agnes
 25569 | Elf:1    | Killed Agnes
 26306 | Elf:1    | Learned a level 6 spell: Starburst
 26723 | Elf:2    | Found Zutiruim's Magic Scroll Shop.
 26741 | Elf:2    | Found Gastruic's Armour Shoppe.
 26752 | Elf:2    | Bought a scroll of teleportation for 36 gold pieces
 26752 | Elf:2    | Bought a scroll of acquirement for 624 gold pieces
 26752 | Elf:2    | Bought a scroll of blinking for 90 gold pieces
 26755 | Elf:2    | Acquired 780 gold pieces
 26942 | Elf:2    | Found a runed translucent gate.
 26942 | Elf:2    | Found a runed translucent gate.
 26944 | Elf:2    | Found a runed translucent gate.
 27031 | Elf:2    | Reached XP level 18. HP: 143/143 MP: 25/34
 27132 | Elf:2    | Found Assewny's Antique Weapon Boutique.
 27478 | Elf:2    | Noticed a deep elf blademaster
 27485 | Elf:2    | Killed a deep elf blademaster
 27509 | Elf:2    | Reached skill level 15 in Ranged Weapons
 27967 | Elf:3    | Entered Level 3 of the Elven Halls
 28264 | Elf:3    | Found Urexzia's Distillery.
 28737 | Elf:3    | Identified the staff of conjuration "Fuegaped" {Fragile
                  | Dex+6}
 29544 | Elf:3    | Noticed a deep elf master archer
 29559 | Elf:3    | Killed a deep elf master archer
 29852 | Elf:3    | Paralysed by an air elemental for 1 turns
 29858 | Elf:3    | Paralysed by an air elemental for 1 turns
 29862 | Elf:3    | Paralysed by an air elemental for 1 turns
 29869 | Elf:3    | Paralysed by an air elemental for 1 turns
 30006 | Abyss:3  | Noticed a bone dragon
 30006 | Abyss:3  | Cast into level 3 of the Abyss (a deep elf sorcerer)
 30299 | Abyss:3  | Reached XP level 19. HP: 149/151 MP: 36/36
 30322 | Abyss:3  | Found a corrupted altar of Lugonu.
 30370 | Abyss:3  | Found a corrupted altar of Lugonu.
 30516 | Elf:3    | Escaped the Abyss
 30558 | Abyss:3  | Cast into level 3 of the Abyss (a deep elf sorcerer)
 30614 | Abyss:3  | Noticed a bone dragon
 30623 | Abyss:3  | Paralysed by accursed screaming for 1 turns
 30940 | Abyss:3  | Found a corrupted altar of Lugonu.
 30945 | Abyss:3  | Gained mutation: You are partially covered in iridescent
                  | scales. (AC +2) [a neqoxec]
 30951 | Abyss:3  | Gained mutation: You are frail. (-10% HP) [a cacodemon]
 30988 | Abyss:3  | Noticed a tentacled monstrosity
 30994 | Abyss:3  | Noticed a hellephant
 31000 | Abyss:3  | Noticed a bone dragon
 31154 | Elf:3    | Escaped the Abyss
 31749 | Elf:3    | Lost mutation: You are frail. (-10% HP) [potion of
                  | mutation]
 31749 | Elf:3    | Lost mutation: You are partially covered in iridescent
                  | scales. (AC +2) [potion of mutation]
 31749 | Elf:3    | Gained mutation: Your system is resistant to poisons.
                  | (rPois) [potion of mutation]
 31749 | Elf:3    | Gained mutation: You expend magic power (3 MP) to
                  | strengthen your wands. [potion of mutation]
 31749 | Elf:3    | Gained mutation: You are very weak. (Str -4) [potion of
                  | mutation]
 31750 | Elf:3    | Lost mutation: You are very weak. (Str -4) [potion of
                  | mutation]
 31750 | Elf:3    | Lost mutation: You are weak. (Str -2) [potion of mutation]
 31750 | Elf:3    | Lost mutation: Your system is resistant to poisons. (rPois)
                  | [potion of mutation]
 31750 | Elf:3    | Gained mutation: You have a pair of small horns on your
                  | head. [potion of mutation]
 31750 | Elf:3    | Gained mutation: You have large cloven feet. [potion of
                  | mutation]
 31750 | Elf:3    | Gained mutation: Your flesh is cold resistant. (rC+)
                  | [potion of mutation]
 32148 | Abyss:3  | Cast into level 3 of the Abyss (a deep elf sorcerer)
 32152 | Elf:3    | Escaped the Abyss
 32377 | Elf:3    | Got Kycihay's Folio of Non-Euclidean Burning
 32470 | Elf:3    | Identified the +5 pair of boots "Belunun" {Str+4}
 32489 | Elf:3    | Identified the staff of conjuration "Panut" {Int+3}
 32490 | Elf:3    | Found the +7 Spriggan's Knife {stab, EV+4 Stlth+}
 32542 | Elf:3    | Identified the ring "Zauseus" {rF+ rC+}
 33079 | Swamp:1  | Entered Level 1 of the Swamp
 33153 | Swamp:1  | Reached skill level 15 in Invocations
 33626 | D:4      | Bought a Fen Folio for 420 gold pieces
 33632 | D:4      | Learned a level 5 spell: Summon Forest
 33985 | Swamp:1  | Reached skill level 16 in Ranged Weapons
 34519 | Swamp:2  | Reached XP level 20. HP: 159/160 MP: 37/37
 35032 | Swamp:3  | Identified the +4 shortbow "Byheet" {heavy, rC+ rN+ Int+4}
 35561 | Swamp:4  | Entered Level 4 of the Swamp
 35620 | Swamp:4  | Identified the +6 broad axe "Uckag" {venom, rC- Str+6}
 35967 | Swamp:4  | Noticed the 27-headed Lernaean hydra
 35991 | Swamp:4  | Killed the 27-headed Lernaean hydra
 36340 | Swamp:4  | Got a decaying rune of Zot
 36771 | Snake:1  | Entered Level 1 of the Snake Pit
 37236 | Snake:1  | Noticed Louise
 37304 | Snake:1  | Killed Louise
 37363 | Snake:1  | Reached skill level 15 in Fighting
 37363 | Snake:1  | Reached skill level 15 in Dodging
 37510 | Snake:1  | Found Zycoi's Jewellery Emporium.
 37842 | Snake:1  | Learned a level 6 spell: Eringya's Noxious Bog
 37926 | Snake:2  | Noticed Kicir's ghost (adept GnFi)
 37926 | Snake:2  | Noticed Frances
 37943 | Snake:2  | Killed Frances
 38174 | Snake:2  | Noticed Nikola
 38190 | Snake:2  | Killed Nikola
 38342 | Snake:2  | Found a runed translucent door.
 39244 | Snake:3  | Reached XP level 21. HP: 146/168 MP: 30/39
 39476 | Snake:3  | Slain by a shock serpent

Illustrated notes

Levels and vault maps discovered:
D:1:      heliophobic_arrival_glass_houses, layout_loops_corners, serial_shops,
          shop, basic_ecumenical_altar, minmay_lizard_pond
D:2:      layout_rooms, uniq_terence
D:3:      layout_rooms, nicolae_overflow_crystal_walls, portal_sewer_entry_e,
          uniq_jessica
D:4:      layout_cave_pools, serial_shops, shop, uniq_edmund, uniq_robin
D:5:      layout_basic, minmay_gold_behind_fungi, uniq_sigmund, uniq_ijyb
D:6:      minmay_thinvault, layout_rooms, uniq_blork_the_orc
D:7:      cheibrodos_quashed, layout_layer_cave, grunt_temple_overflow_open,
          mainiacjoe_overflow_cross_hatched, temple_pool_b,
          ebering_dispersal_statue_hall, grunt_ministairs_2,
          nicolae_alphabet_shops, uniq_duvessa, uniq_maggie, uniq_joseph
D:8:      gammafunk_cloud_chamber, layout_gridville,
          mainiacjoe_overflow_alcove_4, enter_bailey_5
D:9:      layout_cave_pools, minmay_orc_entry_temple_small, grunt_ministairs_10,
          nicolae_take_the_stairs, minmay_ruffians
D:10:     layout_roguey
D:11:     layout_basic
D:12:     layout_roguey, serial_shops, shop, bh_walls_and_bars, uniq_urug
D:13:     layout_loops_ring, nicolae_shop_self_help
D:14:     layout_long_grid, david_vaults_5, nicolae_ru_the_path_less_chosen,
          minmay_guarded_unrand_prune
D:15:     hangedman_depths_entry_try_elsewhere_first, layout_cave_pools,
          chequers_serial_rivers_micro_a, nicolae_uskayaw_en_pointe
Lair:1:   gammafunk_worm_tunnel, layout_misc_corridors, lemuel_fruit_tree
Lair:2:   layout_cave_pods, skrybe_swamp_entry_bodies, serial_forest,
          infiniplex_forest_clump_C, infiniplex_forest_clump_tiny,
          infiniplex_forest_lined_room_2, infiniplex_forest_straight_4,
          infiniplex_forest_clump_large, infiniplex_forest_end_1, uniq_gastronok
Lair:3:   layout_cave_pods, minmay_snake_entry_spellcaster,
          grunt_forest_large_clearings
Lair:4:   layout_big_grid, portal_ice_cave_entry_pillars_1, serial_forest,
          infiniplex_forest_lined_2, infiniplex_forest_lined_3,
          infiniplex_forest_straight_4, infiniplex_forest_join,
          infiniplex_forest_lined_room_, infiniplex_forest_lined_ring,
          infiniplex_forest_zigzag_1, infiniplex_forest_clump_small,
          infiniplex_forest_clump_curved, uniq_sonja
Lair:5:   gammafunk_lair_ancient_temple, layout_loops_ring,
          minmay_slime_entry_oklob_open, ebering_ghost_reflecting_pool,
          uniq_kirke
Swamp:1:  layout_basic_swamp, evilmike_swamp_ruin_house_2,
          nicolae_swamp_dragon_and_kin
Swamp:2:  layout_basic_swamp, nicolae_swamp_some_circles,
          statue_in_the_mist_lemuel
Swamp:3:  layout_basic_swamp, evilmike_swamp_ruin_rubble_1
Swamp:4:  swamp_old_school, layout_basic_swamp, infiniplex_staircase_pool
Snake:1:  layout_misc_corridors, serial_shops, nicolae_shop_tiny_statue_garden,
          grunt_ministairs_11, uniq_louise
Snake:2:  layout_chambers, hellmonk_ghost_happy_afterlife, serial_bayou_pond_c,
          uniq_frances, uniq_nikola
Snake:3:  layout_rooms, grunt_megastairs_5, uniq_aizul
Orc:1:    layout_diamond_mine, nicolae_orc_jurassic_orc
Orc:2:    kennysheep_orc_mage_school, layout_diamond_mine, nooodl_orcs_dogs
Elf:1:    eino_elf_arrival_customs, layout_loops_ring, serial_shops,
          nicolae_shop_industrial_runoff, portal_desolation_entry_nicolae_nacl,
          minmay_elf_annihilation, uniq_agnes
Elf:2:    nicolae_elf_blades_splatter_lattice [nicolae_blade_lattice],
          layout_geoelf_octagon, serial_shops, shop, shop, shop
Elf:3:    minmay_elf_hall_hex, layout_geoelf_castle, serial_shops,
          nicolae_square_shop, kennysheep_underground_church

Skill      XL: |  1  2  3  4  5  6  7  8  9 10 11 12 13 14 15 16 17 18 19 20 |
---------------+-------------------------------------------------------------+-----
Invocations    | 1 2 3 4 5 6 7 8 9 10 11 12 13 14 15 | 15.9
Short Blades   | 1 2 3 5 6 7 8 9 10 11 12 13 14 | 14.6
Long Blades    | 1 2 3 5 6 7 8 9 10 11 12 13 14 | 14.6
Axes           | 1 2 3 5 6 7 8 9 10 11 12 13 14 | 14.6
Maces & Flails | 1 2 3 5 6 7 8 9 10 11 12 13 14 | 14.6
Polearms       | 1 2 3 5 6 7 8 9 10 11 12 13 14 | 14.6
Staves         | 1 2 3 5 6 7 8 9 10 11 12 13 14 | 14.6
Throwing       | 1 2 3 5 6 7 8 9 10 11 12 13 14 | 14.6
Armour         | 1 2 3 5 6 7 8 9 10 11 12 13 14 | 14.6
Shields        | 1 2 3 5 6 7 8 9 10 11 12 13 14 | 14.6
Unarmed Combat | 1 2 3 5 6 7 8 9 10 11 12 13 14 | 14.6
Spellcasting   | 1 2 3 5 6 7 8 9 10 11 12 13 14 | 14.6
Evocations     | 1 2 3 5 6 7 8 9 10 11 12 13 14 | 14.6
Conjurations   | 1 2 3 4 5 6 7 8 9 10 11 12 | 12.4
Hexes          | 1 2 3 4 5 6 7 8 9 10 11 12 | 12.4
Summonings     | 1 2 3 4 5 6 7 8 9 10 11 12 | 12.4
Necromancy     | 1 2 3 4 5 6 7 8 9 10 11 12 | 12.4
Translocations | 1 2 3 4 5 6 7 8 9 10 11 12 | 12.4
Transmutations | 1 2 3 4 5 6 7 8 9 10 11 12 | 12.4
Fire Magic     | 1 2 3 4 5 6 7 8 9 10 11 12 | 12.4
Ice Magic      | 1 2 3 4 5 6 7 8 9 10 11 12 | 12.4
Air Magic      | 1 2 3 4 5 6 7 8 9 10 11 12 | 12.4
Earth Magic    | 1 2 3 4 5 6 7 8 9 10 11 12 | 12.4
Poison Magic   | 1 2 3 4 5 6 7 8 9 10 11 12 | 12.4
Stealth        | 3 4 5 6 7 8 9 10 11 12 13 14 | 14.8
Fighting       | 5 6 7 8 9 10 11 12 13 14 15 | 15.3
Dodging        | 5 6 7 8 9 10 11 12 13 14 15 | 15.3
Ranged Weapons | 9 10 11 12 13 14 15 16 | 16.7

Action                     |  1- 3 |  4- 6 |  7- 9 | 10-12 | 13-15 | 16-18 | 19-21 || total
---------------------------+-------+-------+-------+-------+-------+-------+-------++-------
  Melee: Mace              |       |       |    31 |       |       |       |       ||    31
         Bite              |       |       |     5 |    57 |   169 |   142 |    48 ||   421
         Punch             |       |       |     1 |       |     7 |       |       ||     8
         Glaive            |       |       |       |   366 |   827 |   872 |   240 ||  2305
         Spear             |       |       |       |       |    47 |       |       ||    47
         Unarmed           |       |       |       |       |     9 |       |       ||     9
         Headbutt          |       |       |       |       |       |       |    20 ||    20
         Broad axe         |       |       |       |       |       |       |    56 ||    56
   Fire: Shortbow          |    64 |   191 |   384 |   653 |    18 |       |       ||  1310
         Hand crossbow     |       |       |       |       |   324 |   110 |   806 ||  1240
         Longbow           |       |       |       |       |       |   243 |    49 ||   292
  Throw: Dart              |       |       |       |     6 |       |       |       ||     6
         Javelin           |       |       |       |       |     5 |       |       ||     5
   Cast: Olgreb's Toxic Ra |       |       |       |       |    11 |   104 |    30 ||   145
         Tukima's Dance    |       |       |       |       |     1 |     1 |       ||     2
         Starburst         |       |       |       |       |       |     2 |       ||     2
         Summon Forest     |       |       |       |       |       |       |    14 ||    14
         Eringya's Noxious |       |       |       |       |       |       |     1 ||     1
 Invoke: Divine Shield     |       |       |       |     1 |       |       |       ||     1
         Cleansing Flame   |       |       |       |       |     4 |     3 |     6 ||    13
         Summon Divine War |       |       |       |       |     1 |     3 |     7 ||    11
  Evoke: Wand              |       |       |     6 |    11 |     1 |     2 |     1 ||    21
    Use: Scroll            |       |       |     5 |    10 |     6 |    13 |    12 ||    46
         Potion            |       |       |       |       |     1 |     4 |     8 ||    13
 Armour: Leather armour    |     4 |    24 |     8 |    21 |       |       |       ||    57
         Robe              |       |       |    53 |    12 |       |       |       ||    65
         Animal skin       |       |       |    17 |       |       |       |       ||    17
         Swamp dragon scal |       |       |       |   265 |       |       |       ||   265
         Troll leather arm |       |       |       |   180 |   973 |   677 |   212 ||  2042
         Plate armour      |       |       |       |       |       |       |   590 ||   590
  Dodge: Dodged            |    14 |    83 |   199 |   873 |  1879 |  1207 |   957 ||  5212
  Block: Other             |       |       |       |     3 |       |       |       ||     3
         Buckler           |       |       |       |       |       |       |   282 ||   282
